 Dungeon Crawl Stone Soup version 0.23.2-40-g277498a001 (webtiles) character file.

Game seed: 2074809752097183742

121 Amplified the Skirmisher (level 5, -2/50 HPs)
             Began as a Naga Berserker on Sept 24, 2019.
             Was a Believer of Trog.
             Slain by an orc
             ... wielding a +0 trident
              (6 damage)
             ... on level 3 of the Dungeon.
             The game lasted 00:02:59 (1961 turns).

Amplified the Skirmisher (Naga Berserker)           Turns: 1961, Time: 00:02:59

Health: -2/50      AC:  5    Str: 21    XL:     5   Next: 5%
Magic:  5/5        EV: 15    Int:  9    God:    Trog [**....]
Gold:   178        SH:  0    Dex: 15    Spells: 4/4 levels left

rFire    . . .     SeeInvis +   a - +0 mace
rCold    + . .     Gourm    .   (no shield)
rNeg     . . .     Faith    .   b - +2 animal skin
rPois    +         Spirit   .   (no helmet)
rElec    .         Reflect  .   (no cloak)
rCorr    .         Harm     .   e - +0 pair of gloves
MR       ++...     Rnd*Rage +   (no barding)
Stlth    ++........             (no amulet)
HPRegen  1.16/turn              i - ring of protection from cold
MPRegen  0.09/turn              (no ring)

@: agile, berserk cooldown, regenerating, slowed, very slow
A: large, see invisible, berserk 1, deformed body, poison resistance, slowness
2, slow metabolism 1, spit poison 1, strong 1, AC +1
a: Spit Poison, Berserk, Trog's Hand, Renounce Religion


You were on level 3 of the Dungeon.
You worshipped Trog.
Trog was pleased with you.
You were near starving.

You visited 1 branch of the dungeon, and saw 3 of its levels.

You collected 178 gold pieces.

Inventory:

Hand Weapons
 a - a +0 mace (weapon)
Missiles
 d - 5 javelins (quivered)
Armour
 b - a +2 animal skin (worn)
 e - a +0 pair of gloves (worn)
Jewellery
 i - a ring of protection from cold (left hand)
Comestibles
 c - 2 rations
 f - 5 chunks of flesh


   Skills:
 * Level 4.0 Fighting
 * Level 4.0 Maces & Flails
 + Level 2.1 Armour
 + Level 2.1 Dodging


You had 4 spell levels left.
You didn't know any spells.
Your spell library was empty.

Dungeon Overview and Level Annotations

Branches:
Dungeon (3/15)

Altars:


Innate Abilities, Weirdness & Mutations

You cannot wear boots.
Your serpentine skin is tough. (AC +1)
You have supernaturally acute eyesight. (SInv)
Armour fits poorly on your strangely shaped body.
Your system is resistant to poisons. (rPois)
You cover ground very slowly.
You have a slow metabolism.
You can spit poison.
You tend to lose your temper in combat.
Your muscles are strong. (Str +2)


Message History

* * * LOW HITPOINT WARNING * * *
The orc barely misses you.
The orc wizard hits you but does no damage.
The orc barely misses you.
Unknown command.
You sock the orc!
You kill the orc!
Trog accepts your kill.
You feel the effects of Trog's Hand fading.
The orc wizard closely misses you.
An orc comes into view. It is wielding a +0 dagger.
The orc closely misses you. The orc barely misses you.
The orc wizard closely misses you. The orc closely misses you.
Unknown command.
You hit the orc wizard but do no damage.
The orc wizard gestures at you while chanting.
The magic dart hits you!
* * * LOW HITPOINT WARNING * * *
The orc hits you from afar with a +0 trident.
You die...

* #.# # * #.# # * #.# # *
#.# # ** #####'## # ,*
#......# # ,* #......# #
,** *##########....).# #
,,* **......o@##......#
*,** *<......oo8#.†..(.#
*,,******.....oooo)##.####
,,,,,,,,+....8.#
**,,*****...........###
**,* ***........8###
*,***,,.o......##
*,,**,,....#..##
**,**,,....##.*


You could see an orc wizard and 8 orcs.

Vanquished Creatures
  An orc wizard (D:3)
  3 adders
  3 worms (D:2)
  2 dart slugs (D:1)
  4 orcs (D:3)
  4 bats (D:2)
  9 goblins
  12 hobgoblins
  2 jackals (D:2)
  3 kobolds (D:2)
  2 ball pythons
  4 frilled lizards
  5 rats
54 creatures vanquished.

Notes
Turn   | Place    | Note
-------+----------+-------------------------------------------
     0 | D:1      | Amplified the Naga Berserker began the quest for the Orb.
     0 | D:1      | Reached XP level 1. HP: 21/21 MP: 1/1
   151 | D:1      | Reached XP level 2. HP: 22/28 MP: 2/2
   571 | D:1      | Reached XP level 3. HP: 15/34 MP: 3/3
   928 | D:2      | Found a faded altar of an unknown god.
  1406 | D:2      | Reached ** piety under Trog
  1416 | D:2      | Gained mutation: You tend to lose your temper in combat.
                  | [potion of mutation]
  1416 | D:2      | Gained mutation: Your muscles are strong. (Str +2) [potion
                  | of mutation]
  1501 | D:2      | Reached XP level 4. HP: 43/44 MP: 4/4
  1944 | D:3      | Reached XP level 5. HP: 50/50 MP: 5/5
  1961 | D:3      | Slain by an orc

Skill      XL: |  1  2  3  4 |
---------------+-------------+-----
Armour         | 2 |  2.1
Dodging        | 2 |  2.1
Fighting       | 4 |  4.0
Maces & Flails | 4 |  4.0

Action                   |  1- 3 |  4- 6 || total
-------------------------+-------+-------++-------
Melee: Mace              |   105 |    66 ||   171
Throw: Javelin           |       |     3 ||     3
Invok: Berserk           |     3 |     3 ||     6
       Trog's Hand       |       |     2 ||     2
 Abil: Spit Poison       |       |     1 ||     1
  Use: Scroll            |     5 |     5 ||    10
       Potion            |     3 |     3 ||     6
  Eat: Chunk             |     4 |     3 ||     7
Armor: Animal skin       |    34 |    25 ||    59
Dodge: Dodged            |    66 |    78 ||   144
